 Dungeon Crawl Stone Soup version 0.27.1-33-g824d729ab1 (webtiles) character file.

Game seed: 8790962250561628752

259 halfoni the Chopper (level 6, -3/44 (48) HPs)
             Began as a Human Berserker on Dec 18, 2021.
             Was a Believer of Trog.
             Splashed by a jelly's acid (4 damage)
             ... on level 5 of the Dungeon.
             The game lasted 00:06:40 (5226 turns).

halfoni the Chopper (Human Berserker)               Turns: 5226, Time: 00:06:40

HP:   -3/44 (48)    AC:  1    Str: 19    XL:     6   Next: 40%
MP:   4/6           EV: 12    Int:  8    God:    Trog [**....]
Gold: 51            SH:  4    Dex: 12    Spells: 5/5 levels left

rFire    . . .     SeeInvis .   a - +0 hand axe
rCold    . . .     Faith    .   k - +0 buckler
rNeg     . . .     Spirit   .   h - +0 leather armour
rPois    .         Reflect  .   l - +0 helmet
rElec    .         Harm     .   c - scarf {+Inv}
rCorr    .         Rampage  .   j - +0 pair of gloves
Will     .....                  (no boots)
Stlth    +.........             (no amulet)
HPRegen  0.14/turn              (no ring)
MPRegen  0.10/turn              (no ring)

@: corroded, on berserk cooldown, very slightly contaminated, slowed, drained,
invisible, very slow
A: no striking features
a: Renounce Religion, Evoke Invisibility, Berserk, Trog's Hand


You were on level 5 of the Dungeon.
You worshipped Trog.
Trog was pleased with you.
You visited 1 branch of the dungeon, and saw 5 of its levels.

You collected 159 gold pieces.
You spent 108 gold pieces at shops.

Inventory:

Hand Weapons
 a - a +0 hand axe (weapon)
Armour
 c - a scarf of invisibility (worn)
 h - a +0 leather armour (worn)
 j - a +0 pair of gloves (worn)
 k - a +0 buckler (worn)
 l - a +0 helmet (worn)
Jewellery
 n - a +4 ring of evasion
Scrolls
 b - 2 scrolls of teleportation {unknown}
 i - a scroll of noise {unknown}
Potions
 d - a potion of haste {unknown}
 e - 2 potions of curing {unknown}
 f - a potion of lignification {unknown}
 g - a potion of might {unknown}
 m - 2 potions of ambrosia {unknown}
 o - a potion of attraction {unknown}
 p - a potion of berserk rage {unknown}
 q - a potion of degeneration {unknown}


   Skills:
 + Level 3.8 Fighting
 + Level 4.8 Axes
 * Level 3.0 Armour
 * Level 3.3 Dodging
 * Level 1.3 Shields


You had 5 spell levels left.
You didn't know any spells.
Your spell library was empty.

Dungeon Overview and Level Annotations

Branches:
Dungeon (5/15)
 Temple: D:4-7

Altars:
Hepliaklqana
Okawaru

Shops:
D:2 [


Message History

There is a stone staircase leading up here.
You feel a strong urge to attack something.
A jelly comes into view.
You feel your anger nearly subside.
You are no longer berserk.
You are exhausted.
You feel yourself slow down.
The jelly quivers.
The jelly jiggles.
A jelly is nearby!
You block the jelly's attack.
You hit the jelly.
Your hands burn!
The jelly is lightly wounded.
The jelly closely misses you. The jelly hits you but does no damage.
You hit the jelly but do no damage. The acid corrodes you!
Your hands burn!
The jelly is lightly wounded.
The jelly hits you.
You are splashed with acid.
You barely miss the jelly.
The jelly is lightly wounded.
The jelly hits you.
You are splashed with acid!
The jelly hits you.
You are splashed with acid!
You are too injured to fight recklessly!
You are too injured to fight recklessly!
You hit the jelly.
Your hands burn!
* * * LOW HITPOINT WARNING * * *
The jelly is moderately wounded.
The jelly closely misses you. The jelly hits you.
* * * LOW HITPOINT WARNING * * *
You are splashed with acid!
* * * LOW HITPOINT WARNING * * *
You're still recovering from your berserk rage.
You feel drained.
You fade into invisibility!
You are very lightly contaminated with residual magic.
The jelly hits you but does no damage.
You hit the jelly.
Your hands burn!
* * * LOW HITPOINT WARNING * * *
The jelly is heavily wounded.
You block the jelly's attack. The jelly closely misses you.
You hit the jelly but do no damage.
Your hands burn!
You die...

.## #J.# #..#
#..# ##. #..#
.... #..##
.#.#.
#####.###.....
#.@J......#...
##....<.......
#........#...
##...........
#.......#...
#...........
#...#....#.#.
#...####.....
...## ##...


You could see a jelly.

Vanquished Creatures
  A phantom (D:5)
  A howler monkey (D:4)
  A jelly (D:4)
  2 adders
  An adder skeleton (D:4)
  6 dart slugs
  A worm (D:3)
  3 orcs
  3 endoplasms
  6 giant cockroaches
  3 goblins
  7 hobgoblins
  9 jackals
  6 quokkas
  2 ball pythons (D:3)
  4 bats
  6 frilled lizards
  6 kobolds
  3 rats (D:3)
71 creatures vanquished.

Notes
Turn   | Place    | Note
-------+----------+-------------------------------------------
     0 | D:1      | halfoni the Human Berserker began the quest for the Orb.
     0 | D:1      | Reached XP level 1. HP: 18/18 MP: 1/1
   533 | D:1      | Reached XP level 2. HP: 19/24 MP: 2/2
  1456 | D:1      | Reached XP level 3. HP: 27/29 MP: 3/3
  1491 | D:1      | Found a faded altar of an unknown god.
  3057 | D:2      | Found Fuerghui's Armour Emporium.
  3066 | D:2      | Bought a +0 pair of gloves for 54 gold pieces
  3066 | D:2      | Bought a +0 buckler for 54 gold pieces
  3105 | D:2      | Reached XP level 4. HP: 35/35 MP: 4/4
  3340 | D:3      | Reached ** piety under Trog
  3363 | D:3      | Found a hazy altar of Hepliaklqana.
  4129 | D:3      | Reached skill level 4 in Axes
  4431 | D:4      | Reached XP level 5. HP: 41/41 MP: 5/5
  4448 | D:4      | Reached skill level 1 in Shields
  4987 | D:4      | Found an iron altar of Okawaru.
  5201 | D:5      | Entered Level 5 of the Dungeon
  5201 | D:5      | Noticed a phantom
  5209 | D:5      | Killed a phantom
  5210 | D:5      | Reached XP level 6. HP: 48/48 MP: 6/6
  5223 | D:5      | HP: 1/48 [acid (8)]
  5226 | D:5      | Splashed by a jelly's acid

Illustrated notes

Levels and vault maps discovered:
D:1:      nicolae_arrival_somewhat_less_tricky_arrival, layout_basic,
          shapermc_ecumenical_altar_notcrosses, chequers_serial_rivers_room_a,
          minmay_misc_feat_pillars, supply_closet_lemuel
D:2:      layout_loops_ring, serial_shops, nicolae_shop_statue_plus,
          wander_ebering_terrifying_dragon_lair
D:3:      layout_basic, mainiacjoe_overflow_chevrons
D:4:      layout_cave_pools, kennysheep_mini_moat, minmay_misc_feat_diagonals,
          due_unseen_surprise
D:5:      layout_cave_pods, minmay_temple_entry_glass

Skill      XL: |  1  2  3  4  5 |
---------------+----------------+-----
Axes           | 4 |  4.8
Dodging        | 3 |  3.3
Shields        | 1 |  1.3
Armour         | 3 |  3.0
Fighting       | |  3.8

Action                   |  1- 3 |  4- 6 || total
-------------------------+-------+-------++-------
Melee: Hand axe          |   161 |   115 ||   276
Invok: Berserk           |     1 |     3 ||     4
 Abil: Evoke Invisibilit |       |     1 ||     1
  Use: Scroll            |       |     2 ||     2
 Stab: Sleeping          |     2 |       ||     2
Armor: Animal skin       |    34 |       ||    34
       Leather armour    |    12 |    36 ||    48
Dodge: Dodged            |   101 |    59 ||   160
Block: Buckler           |       |    19 ||    19
